 Dungeon Crawl Stone Soup version 0.26.1-11-gd32895ea62 (webtiles) character file.

Game seed: 15843864470239946152

201 infcreate the Skirmisher (level 6, -3/48 HPs)
             Began as a Human Berserker on May 29, 2021.
             Was a Believer of Trog.
             Slain by Pikel
             ... wielding a +2 whip of freezing
              (6 damage)
             ... on level 4 of the Dungeon.
             The game lasted 00:12:51 (3474 turns).

infcreate the Skirmisher (Human Berserker)          Turns: 3474, Time: 00:12:52

Health: -3/48      AC:  5    Str: 23    XL:     6   Next: 7%
Magic:  6/6        EV: 13    Int:  7    God:    Trog [**....]
Gold:   89         SH:  0    Dex: 12    Spells: 5/5 levels left

rFire    . . .     SeeInvis .   a - +0 falchion
rCold    . . .     Faith    .   (no shield)
rNeg     . . .     Spirit   .   k - +0 leather armour
rPois    .         Reflect  .   (no helmet)
rElec    .         Harm     .   h - +0 cloak
rCorr    .         Rampage  .   m - +0 pair of gloves {Str+3}
Will     ++...                  (no boots)
Stlth    +.........             (no amulet)
HPRegen  1.16/turn              (no ring)
MPRegen  0.10/turn              (no ring)

@: berserk cooldown, regenerating, slowed, very slow
A: no striking features
a: Renounce Religion, Berserk, Trog's Hand


You were on level 4 of the Dungeon.
You worshipped Trog.
Trog was pleased with you.
You visited 1 branch of the dungeon, and saw 4 of its levels.

You collected 89 gold pieces.


   Skills:
 + Level 4.0 Fighting
 + Level 4.0 Long Blades
 + Level 3.3 Armour
 + Level 3.3 Dodging


You had 5 spell levels left.
You didn't know any spells.
Your spell library was empty.

Inventory:

Hand Weapons
 a - a +0 falchion (weapon)
Armour
 h - a +0 cloak (worn)
 k - a +0 leather armour (worn)
 m - a +0 pair of gloves of strength (worn)
Scrolls
 c - 2 scrolls of identify {unknown}
 e - 3 scrolls of teleportation {unknown}
 i - 3 scrolls of fog {unknown}
 j - 4 scrolls of remove curse {unknown}
 n - a scroll of enchant armour {unknown}
Potions
 b - a potion of flight {unknown}
 d - a potion of might {unknown}
 f - a potion of brilliance {unknown}
 g - a potion of haste {unknown}
 l - a potion of heal wounds {unknown}

Dungeon Overview and Level Annotations

Branches:
Dungeon (4/15)
 Temple: D:4-7

Altars:
Gozag

Annotations:
D:4 Pikel

#....(..#...#####.# ....
##.....##...#####.## .....
##...#............. #...
##.##.#.#######.## #..#
####.#.# #.# #..##
#.#.#######.# #..##
#..#........#
##..############.#.#########
##.......555K@....###
##....##############
###..#### .#..## ...## ####


You could see Pikel and 3 lemures.


Message History

* * * LOW HITPOINT WARNING * * *
You hit Pikel.
Pikel is heavily wounded.
You are no longer berserk.
You are exhausted.
You feel yourself slow down.
You closely miss Pikel.
Pikel is heavily wounded.
A lemure comes into view.
Pikel hits you with a +2 whip of freezing.
* * * LOW HITPOINT WARNING * * *
Pikel freezes you.
* * * LOW HITPOINT WARNING * * *
Pikel hits you with a +2 whip of freezing.
* * * LOW HITPOINT WARNING * * *
Pikel freezes you.
* * * LOW HITPOINT WARNING * * *
Use which ability? (? or * to list)
Your skin crawls.
You feel strong-willed.
The lemure shouts!
Pikel hits you with a +2 whip of freezing.
* * * LOW HITPOINT WARNING * * *
Pikel freezes you.
* * * LOW HITPOINT WARNING * * *
You closely miss Pikel.
Pikel is heavily wounded.
Pikel says, "You'll feel the lick of my whip!"
Pikel hits you with a +2 whip of freezing.
You die...

Skill      XL: |  1  2  3  4  5 |
---------------+----------------+-----
Armour         | 3 |  3.3
Dodging        | 3 |  3.3
Fighting       | 4 |  4.0
Long Blades    | 4 |  4.0

Action                   |  1- 3 |  4- 6 || total
-------------------------+-------+-------++-------
Melee: Falchion          |    99 |   153 ||   252
Invok: Trog's Hand       |       |     3 ||     3
       Berserk           |       |     3 ||     3
 Stab: Sleeping          |     2 |       ||     2
Armor: Animal skin       |    24 |     4 ||    28
       Leather armour    |       |    20 ||    20
Dodge: Dodged            |    62 |    82 ||   144
       Rpst.: Falchion   |    20 |    27 ||    47

Levels and vault maps discovered:
D:1:      roderic_crossed_star, layout_basic, bh_walls_and_bars
D:2:      minmay_roachtagon, layout_loops_corners, grunt_gozag_breadcrumbs,
          grunt_decor_resistance, uniq_natasha
D:3:      layout_rooms, chequers_serial_rivers_room_b,
          chequers_serial_rivers_large_b
D:4:      layout_loops_ring, serial_shops, shop, nemelex_diamond_rough_becter,
          uniq_pikel

Notes
Turn   | Place    | Note
-------+----------+-------------------------------------------
     0 | D:1      | infcreate the Human Berserker began the quest for the Orb.
     0 | D:1      | Reached XP level 1. HP: 18/18 MP: 1/1
   425 | D:1      | Reached XP level 2. HP: 20/24 MP: 2/2
  1033 | D:2      | Reached XP level 3. HP: 25/29 MP: 3/3
  1059 | D:2      | Reached ** piety under Trog
  1325 | D:2      | Noticed Natasha
  1499 | D:2      | Reached XP level 4. HP: 35/35 MP: 4/4
  1538 | D:2      | Killed Natasha
  1828 | D:2      | Found an opulent altar of Gozag.
  1843 | D:2      | Noticed Natasha
  1851 | D:2      | Killed Natasha
  1852 | D:2      | Reached skill level 3 in Armour
  1852 | D:2      | Reached skill level 3 in Dodging
  1852 | D:2      | Reached XP level 5. HP: 28/42 MP: 5/5
  2111 | D:2      | Noticed Natasha
  2117 | D:2      | Killed Natasha
  3339 | D:4      | Reached skill level 4 in Fighting
  3339 | D:4      | Reached skill level 4 in Long Blades
  3339 | D:4      | Reached XP level 6. HP: 33/48 MP: 6/6
  3436 | D:4      | Noticed Pikel
  3473 | D:4      | HP: 3/48 [Pikel/+2 whip of freezing (5)]
  3473 | D:4      | HP: 1/48 [Pikel/+2 whip of freezing (2)]
  3474 | D:4      | Slain by Pikel

Vanquished Creatures
  A lemure (D:4)
  A hound (D:4)
  Natasha (thrice) (D:2)
  2 adders
  An ooze (D:3)
  2 worms (D:2)
  A dart slug (D:1)
  A leopard gecko (D:2)
  5 orcs
  12 giant cockroaches
  4 goblins
  6 hobgoblins
  5 jackals
  A quokka (D:2)
  3 ball pythons (D:1)
  3 bats
  4 frilled lizards
  5 kobolds
  4 rats
64 creatures vanquished.

Table legend: (Time is in decaauts)
 A = Elapsed time spent in this place.
 B = Non-inter-level travel time spent in this place.
 C = Inter-level travel time spent in this place.
 D = Time resting spent in this place.
 E = Time spent auto-exploring this place.
 F = Levels seen in this place.
 G = Mean time per level.
                   A        B        C        D        E       F      G
               +--------+--------+--------+--------+--------+-----+--------+
         Total |   3556 |   3250 |    306 |    978 |      0 |   4 |  889.0 |
       Dungeon |   3556 |   3250 |    306 |    978 |      0 |   4 |  889.0 |
               +--------+--------+--------+--------+--------+-----+--------+

Top non-repeatable levels by time:
     D:2: 1253 daAuts
     D:3: 1088 daAuts
     D:1: 1016 daAuts
     D:4: 198 daAuts

Table legend:
 A = Non-vault XP
 B = Vault XP
 C = Vault XP percentage of total XP
 D = Non-vault monster count
 E = Vault monster count
 F = Vault count percentage of total count
                 A         B        C        D         E       F
            +---------+---------+-------+---------+---------+-------
      Total |     235 |      53 |  18.4 |      53 |      10 |  15.9
            +---------+---------+-------+---------+---------+-------
        D:1 |      25 |       0 |   0.0 |      16 |       0 |   0.0
        D:2 |     125 |      53 |  29.8 |      23 |      10 |  30.3
        D:3 |      39 |       0 |   0.0 |      11 |       0 |   0.0
        D:4 |      46 |       0 |   0.0 |       3 |       0 |   0.0
            +---------+---------+-------+---------+---------+-------
